 Dungeon Crawl Stone Soup version 0.31.0-4-g52a2dc7128 (webtiles) character file.

Game seed: 6260212343971987497

11283 BeingJoeMalik the Basher (level 11, -1/66 HPs)
             Began as a Tengu Fighter on Jan 22, 2024.
             Was a High Priest of Qazlal.
             Killed from afar by a kobold blastminer (21 damage)
             ... with an iron shot
             ... on level 1 of the Orcish Mines.
             The game lasted 00:30:13 (10510 turns).

BeingJoeMalik the Basher (Tengu Fighter)           Turns: 10510, Time: 00:30:14

Health: -1/66      AC: 10    Str: 18    XL:     11   Next: 75%
Magic:  0/12       EV: 21    Int:  9    God:    Qazlal [*****.]
Gold:   714        SH: 14    Dex: 22    Spells: 10/10 levels left

rFire   . . .        m - +3 mace (protect)
rCold   + . .        c - +0 buckler
rNeg    . . .        t - +0 steam dragon scales
rPois   .            (helmet restricted)
rElec   .            h - +0 cloak
rCorr   .            (no gloves)
SInv    .            (boots unavailable)
Will    .....        y - amulet of guardian spirit
Stlth   +            q - ring of protection from cold
HPRegen 0.31/turn    H - +6 ring of dexterity
MPRegen 0.13/turn

%: repel missiles, acrobat, guardian spirit
@: protected from physical damage, flying, studying Ranged Weapons
A: beak, talons 3, evasive flight, acrobatic
a: Renounce Religion, Upheaval, Elemental Force, Disaster Area


You were on level 1 of the Orcish Mines.
You worshipped Qazlal.
Qazlal was extremely pleased with you.
You visited 3 branches of the dungeon, and saw 12 of its levels.
You also visited: Ossuary and Bailey.

You collected 714 gold pieces.

Inventory:

Hand Weapons
 a - a +0 flail
 i - a +4 whip
 m - a +3 mace of protection (weapon)
 C - a +0 antimagic executioner's axe
Missiles
 d - 12 throwing nets (quivered)
 o - 10 poisoned darts
Armour
 b - a +0 scale mail
 c - a +0 buckler (worn)
 h - a +0 cloak (worn)
 t - +0 steam dragon scales (worn)
 A - a +1 robe of willpower
 J - a +2 robe of positive energy
Jewellery
 q - a ring of protection from cold (left hand)
 y - an amulet of guardian spirit (around neck)
 F - a ring of resist corrosion
 H - a +6 ring of dexterity (right hand)
Wands
 j - a wand of flame (51)
 w - a wand of mindburst (5)
 x - a wand of iceblast (27)
 G - a wand of polymorph (7)
 K - a wand of quicksilver (2)
Scrolls
 e - 2 scrolls of vulnerability
 f - a scroll of amnesia
 g - 3 scrolls of identify
 k - 4 scrolls of teleportation
 l - 2 scrolls of revelation
 B - 2 scrolls of enchant weapon
 E - a scroll of butterflies
Potions
 n - 6 potions of curing
 p - 3 potions of enlightenment
 r - a potion of berserk rage
 s - 2 potions of haste
 u - 2 potions of heal wounds
 v - a potion of invisibility
 z - 3 potions of mutation
 D - a potion of attraction
 I - a potion of magic


   Skills:
 + Level 6.4 Fighting
 + Level 14.8 Maces & Flails
 + Level 4.2 Armour
 + Level 7.6 Dodging
 + Level 8.5 Shields


You had 10 spell levels left.
You didn't know any spells.
Your spell library contained the following spells:

 Spells                   Type           Power      Damage    Failure   Level
 Apportation              Tloc           0%         N/A       43%         1
 Necrotise                Necr           0%         1d4       43%         1
 Shock                    Conj/Air       0%         1d3       43%         1
 Sting                    Conj/Alch      0%         1d3       43%         1
 Summon Small Mammal      Summ           0%         N/A       43%         1
 Summon Ice Beast         Ice/Summ       0%         N/A       82%         3
 Swiftness                Air            0%         N/A       82%         3
 Airstrike                Air            0%         2d(0-16)  99%         4
 Animate Dead             Necr           0%         N/A       99%         4
 Borgnjor's Vile Clutch   Necr/Erth      0%         N/A       100%        5
 Summon Mana Viper        Hex/Summ       0%         N/A       100%        5
 Death Channel            Necr           0%         N/A       100%        6
 Monstrous Menagerie      Summ           0%         N/A       100%        7


Dungeon Overview and Level Annotations

Branches:
Dungeon (10/15)            Temple (1/1) D:4            Lair (0/5) D:8
    Orc (1/2) D:10        Ossuary (visited)          Bailey (visited)

Altars:
Ashenzari
Cheibriados
Dithmenos
Elyvilon
Fedhas
Gozag
Hepliaklqana
Kikubaaqudgha
Makhleb
Nemelex Xobeh
Okawaru
Qazlal
Ru
Sif Muna
Trog
Uskayaw
Vehumet
Wu Jian
Xom
Yredelemnul
Zin
The Shining One


Innate Abilities, Weirdness & Mutations

You have a beak for a mouth.
You have claws for feet.
Your magical flight helps you evade attacks. (EV +4)
You can magically evade attacks while moving or waiting.


Message History

You sock the ogre! You claw the ogre.
You kill the ogre!
Qazlal accepts your kill.
You see here a +0 giant club.
Your protection from physical attacks is fading.
You see here a +0 whip.
Things that are here:
a +0 dagger; a +0 robe; an orc corpse
There is a staircase to the Orcish Mines here.
You fly downwards.
Welcome back to the Orcish Mines!
You feel a wave of frost pass over you.
There is an entrance to an ice cave on this level.
Hurry and find it before the portal melts!
You feel less protected from physical attacks.
The orc shouts! x2; You hear a shout! x3
The orc is engulfed in freezing vapours.
You kill the orc!
Qazlal accepts your kill.
The orc warlord hits you with a +2 long sword of electrocution!
You block the orc warrior's attack.
The orc is engulfed in blazing flames.
You kill the orc!
Qazlal accepts your kill. You block the orc's attack.
The kobold blastminer blasts its cannon at you.
The iron shot hits you!!!
You feel protected from physical attacks.
Ouch! That really hurt!
There is a staircase back to the Dungeon, spattered with blood here.
Unknown command.
Unknown command.
You hear a shout!
The orc warrior is engulfed in a thunderstorm.
You kill the orc warrior!
Qazlal accepts your kill.
The orc warlord roars a battlecry!
The orcs go into a battle-frenzy!
You block the orc's attack.
The kobold blastminer blasts its cannon at you.
The iron shot hits you!!
You feel more protected from physical attacks.
You die...

o........#.....
......#........
....K.......$..
.....K.........
...............
.....o...○.....
......o°o......
.$...)o@.......
....#○.○§○.....
. ......#......
........##.##.#
..##.#..# ..# .
# ...... ... ##
##.# ... ###
...


You could see an orc warlord, 2 kobold blastminers, an orc wizard and 3 orcs.

Vanquished Creatures
  Josephine (D:10)
  A two-headed ogre (D:8)
  A cyclops (D:10)
  A komodo dragon (D:10)
  A troll (D:10)
  Grinder (D:4)
  A hornet (D:9)
  Sigmund (D:3)
  A wyvern (D:8)
  13 yaks
  3 wraiths (D:10)
  2 basilisks (D:8)
  A warg (D:10)
  2 vampire mosquitoes (D:10)
  2 steam dragons
  2 water moccasins
  4 orc warriors
  A black bear (D:5)
  A sky beast (D:7)
  5 wolves (Bailey)
  4 ogres
  2 phantoms
  2 kobold brigands
  3 elf zombies
  A weeping skull (Ossuary)
  5 bullfrogs
  2 scorpions (D:5)
  A necrophage (D:4)
  11 gnoll sergeants
  An elf skeleton (D:4)
  2 burial acolytes (Ossuary)
  5 wights (D:8)
  An electric eel (D:7)
  A centaur zombie (Ossuary)
  A jelly (D:5)
  3 human zombies
  3 bombardier beetles
  4 orc priests
  6 hounds
  6 gnoll boudas (Bailey)
  2 scorpion zombies (D:4)
  5 iguanas
  A human skeleton (D:4)
  Natasha (D:3)
  5 orc wizards
  6 hound zombies
  2 mummies (Ossuary)
  27 gnolls
  14 adders
  2 shadow imps
  A white imp (D:7)
  3 adder zombies (D:4)
  2 adder skeletons (D:4)
  3 dart slugs
  4 ribbon worms (D:2)
  38 orcs
  5 bats
  9 endoplasms
  16 goblins
  4 hobgoblins
  3 jackals (D:1)
  5 quokkas
  4 ball pythons
  6 frilled lizards
  4 gnoll zombies (Ossuary)
  23 kobolds
  An orc skeleton (D:4)
  6 orc zombies (Ossuary)
  8 rats
319 creatures vanquished.

Notes
Turn   | Place    | Note
-------+----------+-------------------------------------------
     0 | D:1      | BeingJoeMalik the Tengu Fighter began the quest for the
                  | Orb.
     0 | D:1      | Reached XP level 1. HP: 14/14 MP: 2/2
   132 | D:1      | Reached skill level 3 in Maces & Flails
   132 | D:1      | Reached XP level 2. HP: 10/19 MP: 3/3
   316 | D:1      | You fall into a shaft and drop 1 floor!
   332 | D:2      | Reached skill level 4 in Maces & Flails
   332 | D:2      | Reached XP level 3. HP: 18/23 MP: 4/4
   724 | D:1      | Reached XP level 4. HP: 28/28 MP: 5/5
  1121 | D:2      | Reached skill level 5 in Maces & Flails
  1227 | D:2      | Found a snail-covered altar of Cheibriados.
  1463 | D:3      | Found a glowing silver altar of Zin.
  1717 | D:3      | Reached XP level 5. HP: 32/32 MP: 6/6
  1759 | D:3      | Found a broken altar of Ashenzari.
  2157 | D:3      | Noticed Natasha
  2162 | D:3      | Killed Natasha
  2279 | D:3      | Noticed Sigmund
  2511 | D:3      | Killed Sigmund
  2512 | D:3      | Reached skill level 7 in Maces & Flails
  2512 | D:3      | Reached XP level 6. HP: 37/37 MP: 7/7
  2609 | D:3      | Found a faded altar of an unknown god.
  2611 | D:3      | Found a faded altar of an unknown god.
  2611 | D:3      | Found a hazy altar of Hepliaklqana.
  2690 | D:4      | Found a staircase to the Ecumenical Temple.
  2699 | Temple   | Entered the Ecumenical Temple
  2708 | Temple   | Became a worshipper of Qazlal Stormbringer
  2770 | D:4      | Noticed Grinder
  2778 | D:4      | Paralysed by Grinder for 4 turns
  2795 | D:4      | Killed Grinder
  2796 | D:4      | Reached skill level 8 in Maces & Flails
  2796 | D:4      | Gained mutation: Your magical flight helps you evade
                  | attacks. (EV +4) [Tengu growth]
  2796 | D:4      | Reached XP level 7. HP: 30/41 MP: 8/8
  3074 | D:4      | Reached skill level 9 in Maces & Flails
  3096 | D:4      | Found a sand-covered staircase.
  3109 | Ossuary  | Entered an ossuary
  3577 | Ossuary  | Reached skill level 10 in Maces & Flails
  3577 | Ossuary  | Reached XP level 8. HP: 39/46 MP: 9/9
  3840 | Ossuary  | Reached * piety under Qazlal
  4001 | D:4      | Reached skill level 11 in Maces & Flails
  4030 | D:4      | Found an ancient bone altar of Kikubaaqudgha.
  4207 | D:4      | Reached skill level 12 in Maces & Flails
  4210 | D:4      | Reached ** piety under Qazlal
  4685 | D:5      | Entered Level 5 of the Dungeon
  4744 | D:5      | Found an ornate altar of the Wu Jian Council.
  4750 | D:5      | Reached XP level 9. HP: 50/50 MP: 10/10
  5221 | D:5      | Reached skill level 13 in Maces & Flails
  5768 | D:6      | Found an iron altar of Okawaru.
  5796 | D:6      | Found a shadowy altar of Dithmenos.
  6628 | D:7      | Reached skill level 1 in Dodging
  6630 | D:7      | Reached *** piety under Qazlal
  6952 | D:7      | Found a burning altar of Makhleb.
  7043 | D:8      | Noticed a two-headed ogre
  7105 | D:8      | Found a white marble altar of Elyvilon.
  7161 | D:8      | Reached skill level 14 in Maces & Flails
  7169 | D:8      | Reached XP level 10. HP: 56/56 MP: 11/11
  7192 | D:8      | Killed a two-headed ogre
  7431 | D:8      | Reached skill level 5 in Shields
  7456 | D:8      | Reached **** piety under Qazlal
  7615 | D:8      | Reached skill level 5 in Fighting
  7627 | D:8      | Found a staircase to the Lair.
  7858 | D:8      | Found a radiant altar of Vehumet.
  8008 | D:9      | Found a flagged portal.
  8065 | Bailey   | Entered a bailey
  8497 | Bailey   | Reached skill level 5 in Dodging
  8515 | Bailey   | Reached XP level 11. HP: 45/64 MP: 8/12
  8552 | Bailey   | Reached ***** piety under Qazlal
  9182 | D:9      | Found a bloodstained altar of Trog.
  9570 | D:10     | Entered Level 10 of the Dungeon
  9778 | D:10     | Found a glowing golden altar of the Shining One.
  9810 | D:10     | Noticed Josephine
  9823 | D:10     | Killed Josephine
 10215 | D:10     | Noticed a cyclops
 10225 | D:10     | Killed a cyclops
 10463 | D:10     | Found a staircase to the Orcish Mines.
 10483 | Orc:1    | Entered Level 1 of the Orcish Mines
 10483 | Orc:1    | Noticed an orc warlord
 10510 | Orc:1    | Killed from afar by a kobold blastminer

Illustrated notes

Levels and vault maps discovered:
D:1:      matt_arrival_los_fun, layout_basic
D:2:      minmay_chambers_of_ones, layout_rooms, basic_altar,
          chequers_decorated_corner
D:3:      layout_basic, mainiacjoe_overflow_surrounded_room,
          nicolae_hepliaklqana_ecumenical_no_more, ashenzari_altar_1,
          uniq_natasha, uniq_sigmund
D:4:      layout_gridville, lemuel_mausoleum_altar_kikubaaqudgha,
          minmay_temple_entry_waves, nicolae_ossuary_entry_catacombs,
          minmay_manual_moon, uniq_grinder
D:5:      layout_loops_ring, lemuel_tele_altar,
          serial_library_hellmonk_small_corner
D:6:      layout_rooms, mainiacjoe_overflow_large_starburst
D:7:      layout_gridville, kennysheep_little_box, minivault_27,
          serial_bayou_lagoon_a
D:8:      layout_cave_pools, vehumet_altar_wand_db, elyvilon_altar_1,
          minmay_lair_entry_grove
D:9:      layout_basic, mainiacjoe_overflow_paths, enter_bailey_5
D:10:     layout_long_grid, mainiacjoe_overflow_24_doors, hiddenorc1_lemuel,
          uniq_josephine
Temple:   hellmonk_temple_flake
Orc:1:    cheibrodos_orc_guarddog, layout_caves, portal_ice_cave_rime

Skill      XL: |  1  2  3  4  5  6  7  8  9 10 11 |
---------------+----------------------------------+-----
Maces & Flails | 3 4 5 7 8 10 12 14 | 14.8
Dodging        | 1 5 7 |  7.6
Armour         | 4 |  4.2
Fighting       | 4 5 6 |  6.4
Shields        | 6 8 |  8.5

Action                     |  1- 3 |  4- 6 |  7- 9 | 10-12 || total
---------------------------+-------+-------+-------+-------++-------
  Melee: Flail             |    67 |    57 |       |       ||   124
         Kick              |    14 |    18 |   122 |   164 ||   318
         Peck              |     7 |    11 |    92 |   103 ||   213
         Mace              |       |    38 |   445 |   402 ||   885
  Throw: Dart              |       |     1 |     4 |     4 ||     9
  Evoke: Wand              |       |       |       |     3 ||     3
    Use: Potion            |     1 |     3 |       |     2 ||     6
         Scroll            |       |       |    16 |     3 ||    19
 Armour: Scale mail        |    28 |    45 |   134 |       ||   207
         Steam dragon scal |       |       |    28 |   124 ||   152
  Dodge: Dodged            |    26 |    50 |   178 |   254 ||   508
         Repelled          |       |       |       |     1 ||     1
  Block: Buckler           |    18 |    22 |   109 |   252 ||   401
